 Dungeon Crawl Stone Soup version 0.30-b1-2-g02819fbbbe (webtiles) character file.

Game seed: 7143541737931159832

81134 Maffolandro the Brawler (level 16, -4/122 HPs)
             Began as a Human Wanderer on Dec 21, 2023.
             Was the Champion of Hepliaklqana.
             Slain by a shard shrike (12 damage)
             ... in an ice cave.
             The game lasted 01:18:24 (24763 turns).

Maffolandro the Brawler (Human Wanderer)           Turns: 24763, Time: 01:18:25

Health: -4/122     AC: 14    Str: 27    XL:     16   Next: 17%
Magic:  0/22       EV: 10    Int: 15    God:    Hepliaklqana [******]
Gold:   1793       SH:  0    Dex: 10    Spells: 15/23 levels left

rFire   x x          .
                       - Unarmed
rCold   + . .        R - melded +2 buckler {rC+}
rNeg    . . .        w - +4 scale mail
rPois   .            O - +0 helmet {Int+3}
rElec   .            U - scarf {+Inv}
rCorr   +            J - melded +0 pair of gloves
SInv    .            S - +0 pair of boots
Will    +....        l - amulet of guardian spirit
Stlth   +            P - ring of ice
HPRegen 0.40/turn    A - ring of Mirth {Fly rF- rCorr Str+3 Stlth+}
MPRegen 0.18/turn

%: guardian spirit
@: blade hands, flying, very slightly contaminated
A: reduced essence
a: End Transformation, Renounce Religion, Evoke Invisibility, Recall Ancestor,
Ancestor Identity, Transference, Idealise


You were in an ice cave.
You worshipped Hepliaklqana.
Hepliaklqana was exalted by your worship.
You had blades for hands.
You visited 2 branches of the dungeon, and saw 20 of its levels.
You also visited: Sewer, Ossuary and Ice Cave.

You collected 1861 gold pieces.
You spent 68 gold pieces at shops.

Inventory:

Hand Weapons
 m - the +6 arbalest of Spontaneous Combustion {penet, *Corrode Fly rC+}
   (You found it on level 13 of the Dungeon)

   rC:        It protects you from cold.
   Fly:       It grants you flight.
   *Corrode:  It may corrode you when you take damage.
Missiles
 o - 48 poisoned darts (quivered)
 r - 4 curare-tipped darts
 x - 6 javelins
 C - 8 atropa-tipped darts
 L - 4 boomerangs of dispersal
 V - 5 silver javelins
Armour
 w - a +4 scale mail (worn)
 J - a +0 pair of gloves (melded)
 O - a +0 helmet of intelligence (worn)
 R - a +2 buckler of cold resistance (melded)
 S - a +0 pair of boots (worn)
 U - a scarf of invisibility (worn)
Jewellery
 g - a +5 ring of evasion
 h - a ring of poison resistance
 l - an amulet of guardian spirit (around neck)
 y - a +6 ring of intelligence
 A - the ring of Mirth (right blade hand) {Fly rF- rCorr Str+3 Stlth+}
   (You found it on level 5 of the Lair of Beasts)

   [ring of flight]

   Str:       It affects your strength (+3).
   rF:        It makes you vulnerable to fire.
   Fly:       It grants you flight.
   rCorr:     It protects you from acid and corrosion.
   Stlth:     It makes you more stealthy.
 P - a ring of ice (left blade hand)
 X - a ring of protection from fire
 Y - a ring of willpower
Wands
 j - a wand of iceblast (29)
 u - a wand of flame (4)
 B - a wand of charming (27)
 D - a wand of mindburst (38)
 M - a wand of polymorph (10)
 Q - a wand of quicksilver (17)
Scrolls
 a - 11 scrolls of teleportation
 c - 7 scrolls of blinking
 k - 5 scrolls of immolation {unknown}
 n - 3 scrolls of poison
 p - 7 scrolls of amnesia {unknown}
 t - 7 scrolls of fear {unknown}
 z - a scroll of summoning
 F - 2 scrolls of magic mapping
 N - 3 scrolls of fog
 T - 4 scrolls of silence
 Z - a scroll of vulnerability
Potions
 b - 17 potions of curing
 d - 2 potions of cancellation
 e - 7 potions of attraction
 i - 4 potions of haste
 q - 6 potions of flight {unknown}
 s - a potion of resistance
 v - a potion of might
 E - 3 potions of ambrosia
 G - a potion of invisibility
 H - 4 potions of lignification
 I - 4 potions of heal wounds
 K - 3 potions of brilliance
 W - 2 potions of berserk rage
Miscellaneous
 f - a phial of floods


   Skills:
 + Level 15.6 Fighting
 + Level 8.1 Armour
 + Level 1.1 Dodging
 - Level 18.0 Unarmed Combat
 - Level 4.0 Spellcasting
 - Level 3.0 Translocations
 - Level 12.0 Transmutations
 - Level 1.0 Invocations
 - Level 8.0 Evocations


You had 15 spell levels left.
You knew the following spells:

 Your Spells              Type           Power      Damage    Failure   Level
a - Apportation           Tloc           24%        N/A       47%         1
b - Blink                 Tloc           24%        N/A       56%         2
c - Blade Hands           Tmut           19%        N/A       38%         5

Your spell library contained the following spells:

 Spells                   Type           Power      Damage    Failure   Level
 Ignite Poison            Fire/Tmut/Pois 15%        N/A       63%         3
 Ice Form                 Ice/Tmut       31%        N/A       73%         4
 Foxfire                  Conj/Fire      12%        2x1d4     77%         1
 Freeze                   Ice            16%        1d4       77%         1
 Kiss of Death            Conj/Necr      12%        2d6       77%         1
 Slow                     Hex            12%        N/A       77%         1
 Portal Projectile        Hex/Tloc       14%        N/A       87%         3
 Alistair's Intoxication  Tmut/Pois      14%        N/A       93%         5
 Confusing Touch          Hex            3%         N/A       96%         3
 Frozen Ramparts          Ice            8%         1d2       96%         3
 Hailstorm                Conj/Ice       4%         3d4       96%         3
 Stone Arrow              Conj/Erth      6%         3d7       96%         3
 Tukima's Dance           Hex            3%         N/A       96%         3
 Vampiric Draining        Necr           3%         2d6       96%         3
 Iskenderun's Mystic Bla  Conj/Tloc      7%         2d4       99%         4
 Animate Armour           Summ/Erth      6%         N/A       100%        4
 Dispel Undead            Necr           3%         3d7       100%        4
 Leda's Liquefaction      Hex/Erth       1%         N/A       100%        4
 Sticky Flame             Conj/Fire      3%         2d3       100%        4
 Summon Ice Beast         Ice/Summ       4%         N/A       100%        4
 Summon Lightning Spire   Summ/Air       3%         N/A       100%        4
 Borgnjor's Vile Clutch   Necr/Erth      1%         N/A       100%        5
 Fireball                 Conj/Fire      1%         3d3       100%        5
 Lee's Rapid Deconstruct  Erth           1%         3d4*      100%        5
 Eringya's Noxious Bog    Tmut/Pois      10%        N/A       100%        6
 Plasma Beam              Fire/Air       1%         2x1d12    100%        6
 Simulacrum               Ice/Necr       2%         N/A       100%        6
 Starburst                Conj/Fire      1%         6d3       100%        6
 Statue Form              Tmut/Erth      14%        N/A       100%        6
 Storm Form               Tmut/Air       10%        N/A       100%        7
 Ignition                 Fire           1%         3d3       100%        8
 Lehudib's Crystal Spear  Conj/Erth      1%         10d2      100%        8
 Maxwell's Capacitive Co  Air            1%         ∞         100%        8


Dungeon Overview and Level Annotations

Branches:
Dungeon (15/15) Temple (0/1) D:7 Lair (5/5) D:10 Shoals (0/4) Lair:3 Spider (0/4) Lair:2 Slime (0/5) Lair:4 Orc (0/2) D:10 Vaults (0/5) D:13 D:14 Sewer (visited) Ossuary (visited) IceCv (1/1) Depths: D:15

Altars:
Gozag
Hepliaklqana
Makhleb
Qazlal
Ru
Trog
Uskayaw
Wu Jian
Xom
The Shining One
Jiyva

Shops:
D:3 (   D:6 (   D:11 ?

Annotations:
D:2 1 runed translucent door, exclusion: door, Crazy Yiuf
D:4 3 runed translucent doors, yogakurto's ghost, amateur DEAE
D:10 exclusion: orange crystal statue


Message History

Unknown command.
Okay, then.
You completely miss the rime drake. The rime drake breathes ice at you.
The icy flash freeze hits you! You partially resist.
You are encased in ice.
Ahmose is still trapped in memory!
Unknown command.
Casting: Blade Hands (dangerous; 9% risk of failure)
Confirm with . or Enter, or press ? or * to list all spells.
Your hands turn into razor-sharp scythe blades.
Your +0 pair of gloves melds into your body.
Your +2 buckler of cold resistance melds into your body.
You feel less resistant to cold.
The rime drake bites you but does no damage.
You shred the rime drake!!!
You kill the rime drake!
The shard shrike spits a shard of ice at you.
The shard of ice hits you! You partially resist.
You miss the shard shrike. The shard shrike misses you.
The shard shrike claws you. The shard shrike freezes you!! You resist.
The polar bear rages.
You barely miss the shard shrike. The shard shrike barely misses you.
The shard shrike claws you. The shard shrike freezes you! You resist.
You barely miss the shard shrike. The ice encasing you melts away.
The shard shrike claws you! The shard shrike freezes you! You resist.
* * * LOW HITPOINT WARNING * * *
You closely miss the shard shrike. The shard shrike claws you!
* * * LOW HITPOINT WARNING * * *
The shard shrike freezes you! You resist.
* * * LOW HITPOINT WARNING * * *
Unknown command.
Blink to where?
Press: ? - help, Dir - move target
As you read the scroll of blinking, it crumbles to dust.
The shard shrike claws you.
* * * LOW HITPOINT WARNING * * *
The shard shrike freezes you! You resist.
You die...

≈≈≈≈≈≈≈≈# #..##
≈≈≈≈≈≈≈≈ ##..##
≈≈≈≈≈≈ ###..#
#####..#####~~.##
.
###...##~~≈#~~####
uu
##..##..~#~~~~##


.ub #..#####.~~#~#~# ph.k ########.b#....#####R# #h..##b..##h..#@.#.....####
#.h.##hu†#########...# ########## #([.# ##### You could see a shard shrike.

Vanquished Creatures
  A white draconian (IceCv)
  3 hydras
  2 catoblepae
  6 centaur warriors
  3 two-headed ogres
  3 boulder beetles
  4 tengu warriors
  2 death yaks (Lair:5)
  Sonja (Lair:5)
  A skyshark (Lair:4)
  A fire crab (Lair:5)
  An orange crystal statue (IceCv)
  Pikel (D:4)
  An orc knight (D:14)
  2 deep elf pyromancers (D:14)
  A manticore (D:12)
  8 ugly things
  3 cyclopes
  11 elephants
  7 slime creatures
  3 black mambas
  3 centaur zombies (D:8)
  9 cane toads
  2 centaur skeletons (D:8)
  11 rime drakes
  An efreet (D:13)
  A kobold demonologist (D:12)
  7 komodo dragons
  A yaktaur (shapeshifter) (D:15)
  9 polar bears
  3 trolls (D:12)
  11 blink frogs
  2 tyrant leeches (Lair:5)
  A hellwing (D:7)
  3 wraiths
  17 yaks
  12 humans (D:14)
  8 wyverns
  6 basilisks
  Grum (D:8)
  3 steam dragons
  3 vampire mosquitoes (Lair:5)
  An acid dragon (D:12)
  6 water moccasins
  3 orc warriors
  A black bear (D:7)
  14 wolves
  An ogre (D:8)
  27 centaurs
  A lemure (D:4)
  Blork the orc (D:4)
  A scorpion (D:7)
  12 bullfrogs
  2 gnoll sergeants
  2 wights (D:7)
  7 killer bees
  A howler monkey (D:6)
  2 electric eels (Lair:5)
  3 hounds
  2 orc priests (D:5)
  A gnoll bouda (D:7)
  4 iguanas
  A jelly (D:6)
  A sleepcap (D:4)
  Natasha (thrice) (D:2)
  An orc wizard (D:12)
  A boggart skeleton (D:8)
  A mummy (Ossuary)
  10 gnolls
  9 adders
  A river rat (D:3)
  2 shadow imps
  2 worms (D:3)
  6 dart slugs
  23 orcs
  3 bats
  11 endoplasms
  10 giant cockroaches
  9 goblins
  7 hobgoblins
  8 quokkas
  9 ball pythons
  13 frilled lizards
  6 gnoll skeletons (Ossuary)
  4 kobolds
  10 kobold skeletons (Ossuary)
  9 orc skeletons (Ossuary)
  6 rats
437 creatures vanquished.

Vanquished Creatures (collateral kills)
  Rupert (D:14)
  Josephine (D:10)
  Fannar (D:10)
  A hydra (Lair:5)
  2 centaur warriors
  A catoblepas (Lair:4)
  3 death yaks
  Nergalle (Lair:3)
  A skyshark (Lair:5)
  A goliath frog (Lair:5)
  A wolf spider zombie (D:8)
  An oklob plant (Lair:3)
  An ugly thing (D:13)
  2 black mambas
  4 elephants
  Joseph (D:10)
  5 cane toads
  2 rime drakes
  A kobold demonologist (D:12)
  3 komodo dragons
  2 trolls
  3 polar bears (IceCv)
  A hellwing (D:7)
  7 blink frogs
  A jumping spider (Lair:2)
  A wraith (D:10)
  4 slime creatures
  A shadow (D:11)
  5 yaks
  4 wyverns
  3 basilisks
  3 humans (D:14)
  2 steam dragons
  Menkaure (D:6)
  2 vampire mosquitoes (Lair:5)
  2 acid dragons (D:10)
  2 water moccasins
  An orc warrior (D:8)
  5 wolves
  4 centaurs
  2 kobold brigands (D:12)
  5 bullfrogs
  A scorpion (D:6)
  2 wights (D:7)
  8 killer bees
  2 electric eels (Lair:5)
  A howler monkey (D:8)
  A hound (D:7)
  3 orc priests
  2 iguanas
  An orc wizard (D:5)
  2 gnolls
  An adder (D:6)
  3 shadow imps (D:8)
  3 white imps
  An ufetubus (D:5)
  23 orcs
  A quokka (D:5)
  A kobold (D:12)
151 creatures vanquished.

Vanquished Creatures (others)
  12 battlemagi
  31 fungi
  110 plants
  A withered plant (D:8)
154 creatures vanquished.

Grand Total: 742 creatures vanquished

Notes
Turn   | Place    | Note
-------+----------+-------------------------------------------
     0 | D:1      | Maffolandro the Human Wanderer began the quest for the Orb.
     0 | D:1      | Maffolandro set off with the following items: a +0 club, a
                  | potion of curing, a scroll of blinking, a +0 leather
                  | armour, a potion of attraction; and the following spell
                  | memorised: Apportation; and the following spells available
                  | to memorise: Blink, Iskenderun's Mystic Blast.
     0 | D:1      | Reached XP level 1. HP: 16/16 MP: 2/2
   244 | D:1      | Reached XP level 2. HP: 22/22 MP: 4/4
   272 | D:1      | Learned a level 2 spell: Blink
   700 | D:1      | Reached XP level 3. HP: 24/27 MP: 6/6
   896 | D:2      | Noticed Natasha
   905 | D:2      | Killed Natasha
  1033 | D:2      | Reached XP level 4. HP: 34/34 MP: 7/7
  1210 | D:2      | Reached skill level 4 in Unarmed Combat
  1256 | D:2      | Noticed Natasha
  1277 | D:2      | HP: 1/34 [Natasha/magic dart (7)]
  1427 | D:2      | Killed Natasha
  1525 | D:2      | Reached XP level 5. HP: 40/40 MP: 8/8
  1837 | D:2      | Found a runed translucent door.
  1838 | D:2      | Noticed Crazy Yiuf
  1856 | D:2      | Noticed Natasha
  1868 | D:2      | Killed Natasha
  2422 | D:3      | Found a glowing drain.
  2428 | Sewer    | Entered a sewer
  2526 | Sewer    | Reached skill level 5 in Unarmed Combat
  2610 | Sewer    | Reached XP level 6. HP: 42/47 MP: 9/9
  2821 | Sewer    | Identified the +11 dagger "Guocreg" {flame, rElec}
  3083 | D:3      | Found Elamoid's Weapon Shoppe.
  3207 | D:3      | Found a hazy altar of Hepliaklqana.
  3212 | D:3      | Became a worshipper of Hepliaklqana the Forgotten
  3455 | D:4      | Noticed Blork the orc
  3462 | D:4      | Killed Blork the orc
  3463 | D:4      | Reached XP level 7. HP: 46/55 MP: 7/10
  3476 | D:4      | Found a sacrificial altar of Ru.
  3552 | D:4      | Found a runed translucent gate.
  3552 | D:4      | Found a runed translucent gate.
  3555 | D:4      | Found a runed translucent gate.
  3556 | D:4      | Noticed yogakurto's ghost (amateur DEAE)
  3558 | D:4      | Reached skill level 6 in Unarmed Combat
  3596 | D:4      | Found a bloodstained altar of Trog.
  3672 | D:4      | Found a burning altar of Makhleb.
  3771 | D:4      | Noticed Pikel
  3778 | D:4      | Found a sand-covered staircase.
  3807 | D:4      | Killed Pikel
  3808 | D:4      | Reached XP level 8. HP: 20/65 MP: 5/11
  3912 | Ossuary  | Entered an ossuary
  3912 | Ossuary  | Noticed a wraith
  3912 | Ossuary  | Noticed a wraith
  3912 | Ossuary  | Noticed a wraith
  4135 | Ossuary  | Noticed a wraith
  4212 | Ossuary  | Killed a wraith
  4213 | Ossuary  | Reached skill level 7 in Unarmed Combat
  4409 | D:4      | Reached * piety under Hepliaklqana
  4782 | D:5      | Entered Level 5 of the Dungeon
  5376 | D:5      | Reached skill level 8 in Unarmed Combat
  5696 | D:6      | Found Jeirasi's Hydra Hut.
  5705 | D:6      | Noticed a seven-headed hydra
  5723 | D:6      | Reached XP level 9. HP: 64/64 MP: 12/12
  5770 | D:6      | Reached ** piety under Hepliaklqana
  5771 | D:6      | Remembered your ancestor Ahmose as a battlemage
  5946 | D:6      | Noticed Menkaure
  5960 | D:6      | Killed Menkaure
  6166 | D:6      | Found a glowing golden altar of the Shining One.
  6538 | D:7      | Reached skill level 9 in Unarmed Combat
  6749 | D:7      | Reached skill level 1 in Armour
  7093 | D:7      | Found a hide-covered altar of Uskayaw.
  7158 | D:7      | Found a staircase to the Ecumenical Temple.
  7187 | D:7      | Reached skill level 10 in Unarmed Combat
  7455 | D:8      | Noticed a hellwing
  7456 | D:8      | Noticed a hellwing
  7628 | D:7      | Killed a hellwing
  7629 | D:7      | Reached XP level 10. HP: 55/73 MP: 10/13
  7824 | D:8      | Reached skill level 11 in Unarmed Combat
  8073 | D:8      | Noticed Grum
  8088 | D:8      | Killed Grum
  8292 | D:7      | Reached XP level 11. HP: 19/80 MP: 5/14
  8618 | D:8      | Reached skill level 5 in Armour
  8874 | D:8      | Reached skill level 12 in Unarmed Combat
  9649 | D:9      | Reached skill level 10 in Fighting
  9743 | D:9      | Reached *** piety under Hepliaklqana
 10006 | D:9      | Noticed a two-headed ogre
 10022 | D:9      | Noticed a boulder beetle
 10320 | D:8      | Killed a boulder beetle
 10356 | D:9      | Killed a two-headed ogre
 10357 | D:9      | Reached skill level 13 in Unarmed Combat
 10636 | D:10     | Entered Level 10 of the Dungeon
 10640 | D:10     | Noticed Fannar
 10651 | D:10     | Killed Fannar
 10698 | D:10     | Found an opulent altar of Gozag.
 10736 | D:10     | Identified the +1 pair of gloves of the Northern Lights
                  | {Harm *Slow Will- Str+6}
 10856 | D:10     | Noticed an orange crystal statue
 10977 | D:10     | Noticed Joseph
 10983 | D:10     | Killed Joseph
 11118 | D:10     | Reached skill level 14 in Unarmed Combat
 11272 | D:10     | Reached XP level 12. HP: 89/89 MP: 15/15
 11318 | D:10     | Reached **** piety under Hepliaklqana
 11321 | D:10     | Found a staircase to the Lair.
 11472 | D:10     | Noticed Josephine
 11487 | D:10     | Killed Josephine
 11488 | D:10     | Found a staircase to the Orcish Mines.
 11636 | D:10     | Reached skill level 15 in Unarmed Combat
 11643 | D:10     | Found a stormy altar of Qazlal.
 11849 | D:11     | Noticed a two-headed ogre
 11860 | D:11     | Killed a two-headed ogre
 11983 | D:11     | Found Zajysue's Magic Scroll Shoppe.
 12003 | D:11     | Bought a scroll of teleportation for 51 gold pieces
 12003 | D:11     | Bought a scroll of noise for 17 gold pieces
 12703 | D:12     | Noticed a two-headed ogre
 12705 | D:12     | Killed a two-headed ogre
 12706 | D:12     | Reached skill level 16 in Unarmed Combat
 12940 | D:12     | Found an ornate altar of the Wu Jian Council.
 13390 | D:12     | Reached ***** piety under Hepliaklqana
 13532 | D:12     | Reached skill level 17 in Unarmed Combat
 13775 | Lair:1   | Entered Level 1 of the Lair of Beasts
 13789 | Lair:1   | Reached skill level 1 in Evocations
 13791 | Lair:1   | Reached XP level 13. HP: 82/96 MP: 13/16
 15124 | Lair:2   | Noticed a four-headed hydra
 15130 | Lair:2   | Killed a four-headed hydra
 15188 | Lair:2   | Found a hole to the Spider Nest.
 15196 | Lair:2   | Reached skill level 18 in Unarmed Combat
 16074 | Lair:3   | Noticed Nergalle
 16085 | Lair:3   | Killed Nergalle
 16347 | Lair:3   | Reached skill level 5 in Evocations
 16371 | Lair:3   | Found a staircase to the Shoals.
 16802 | Lair:3   | Noticed a six-headed hydra
 16813 | Lair:3   | Killed a six-headed hydra
 17184 | Lair:3   | Reached ****** piety under Hepliaklqana
 17222 | Lair:3   | Found a shimmering altar of Xom.
 17270 | Lair:3   | Reached XP level 14. HP: 82/106 MP: 14/17
 17276 | Lair:3   | Learned a level 5 spell: Blade Hands
 17861 | Lair:3   | Reached skill level 1 in Transmutations
 18694 | Lair:4   | Found a viscous altar of Jiyva.
 18694 | Lair:4   | Found a staircase to the Slime Pits.
 19087 | Lair:5   | Entered Level 5 of the Lair of Beasts
 19282 | Lair:5   | Reached skill level 5 in Transmutations
 19702 | Lair:5   | Noticed Sonja
 19704 | Lair:5   | Killed Sonja
 20292 | Lair:5   | Reached XP level 15. HP: 114/114 MP: 18/18
 20374 | Lair:5   | Identified the ring of Mirth {Fly rF- rCorr Str+3 Stlth+}
 22127 | D:13     | Identified the +6 arbalest of Spontaneous Combustion
                  | {penet, *Corrode Fly rC+}
 22304 | D:14     | Noticed Rupert
 22304 | D:14     | Found a gate to the Vaults.
 22696 | D:14     | Killed Rupert
 22697 | D:14     | Reached skill level 10 in Transmutations
 22736 | D:14     | Reached skill level 15 in Fighting
 24076 | D:15     | Entered Level 15 of the Dungeon
 24167 | D:15     | Found a frozen archway.
 24186 | IceCv    | Entered an ice cave
 24212 | IceCv    | Reached XP level 16. HP: 109/122 MP: 16/22
 24688 | IceCv    | Reached skill level 1 in Dodging
 24742 | IceCv    | Noticed a shard shrike
 24763 | IceCv    | Slain by a shard shrike

Illustrated notes

Levels and vault maps discovered:
D:1:      saegor_arrival_simple_e, layout_loops_ring
D:2:      layout_basic, minmay_cut_off, uniq_natasha, uniq_crazy_yiuf_cottage
D:3:      layout_loops_ring, worldfamousw_hep_ancestral_shrine,
          gup_sewer_entry_bubbles, serial_shops, nicolae_shop_window_shopping,
          kennysheep_generic_room_13
D:4:      layout_basic, mainiacjoe_overflow_paths, bloody_trog,
          mainiacjoe_overflow_alcove_2, gammafunk_ghost_split,
          nicolae_ossuary_entry_plus, kennysheep_boxes, uniq_blork_the_orc,
          uniq_pikel
D:5:      layout_basic, minmay_quadrilaterals
D:6:      layout_basic, old_standard_altar, doesnt_shop_hydraphobe,
          uniq_menkaure
D:7:      layout_loops_cross, old_standard_altar,
          minmay_temple_entry_glassed_door
D:8:      cheibrodos_grave_circle, layout_loops_cross, special_room
          [special_room_orc], minmay_tree_intersection, uniq_grum
D:9:      layout_cross, mumra_transporter_accident
D:10:     layout_rooms, marbit_many_paths, grunt_gozag_breadcrumbs,
          erik_lair_dragon, david_orc_3, disabler_island, uniq_joseph,
          uniq_josephine, uniq_fannar
D:11:     layout_roguey, serial_shops, nicolae_shop_statue_plus
D:12:     layout_irregular_city, nicolae_wu_jian_immortal_techniques
D:13:     layout_basic
D:14:     layout_gridville, david_vaults_3
D:15:     hangedman_depths_entry_try_elsewhere_first, layout_cave_pools,
          portal_ice_cave_entry_pillars_1, minmay_librarian
Lair:1:   beast_lair_carwin_large_3, layout_layer_cave
Lair:2:   layout_concentric_octagons, spider_nest_entry_rubble
Lair:3:   nzn_winding_woodlands_three_and_one
          [nzn_winding_woodlands_5x15_zeroes,
          nzn_winding_woodlands_5x15_default, nzn_winding_woodlands_5x15_twine,
          nzn_winding_woodlands_center_garden], layout_cave_pods,
          minmay_shoals_entry_centaurs, lemuel_oklob_altar, grunt_megastairs_1,
          serial_bayou_shore_b, uniq_nergalle
Lair:4:   layout_regular_city, dpeg_slime_entry_enclosed,
          kennysheep_basilisk_garden, grunt_megastairs_5
Lair:5:   minmay_lair_end_frog_pond, layout_small_grid, serial_bayou_shore_a,
          uniq_sonja
IceCv:    ice_cave_caverns_03

Skill      XL: |  1  2  3  4  5  6  7  8  9 10 11 12 13 14 15 16 |
---------------+-------------------------------------------------+-----
Spellcasting   | 2 4 |  4.0
Unarmed Combat | 4 5 6 8 10 11 14 17 18 | 18.0
Fighting       | 3 4 6 7 8 9 10 11 13 14 15 | 15.6
Armour         | 2 4 6 8 |  8.1
Evocations     | 1 6 8 |  8.0
Transmutations | 8 11 12 | 12.0
Dodging        | 1 |  1.1
Translocations | |  3.0
Invocations    | |  1.0

Action                     |  1- 3 |  4- 6 |  7- 9 | 10-12 | 13-15 | 16-18 || total
---------------------------+-------+-------+-------+-------+-------+-------++-------
  Melee: Unarmed           |    76 |   260 |   182 |   343 |   541 |    81 ||  1483
         Punch             |     4 |     8 |     9 |    28 |    63 |     1 ||   113
         Dagger            |       |    18 |    73 |       |       |       ||    91
  Throw: Stone             |     7 |       |       |       |       |       ||     7
         Dart              |       |     3 |     2 |    12 |       |       ||    17
   Cast: Apportation       |     1 |       |       |     3 |       |       ||     4
         Blink             |       |       |     1 |       |       |       ||     1
         Blade Hands       |       |       |       |       |    30 |     4 ||    34
 Invoke: Ancestor Life: Ba |       |       |     1 |       |       |       ||     1
         Recall Ancestor   |       |       |       |     5 |     2 |     1 ||     8
  Evoke: Wand              |       |       |       |       |     2 |       ||     2
    Use: Potion            |       |       |     1 |     1 |     1 |       ||     3
         Scroll            |       |       |       |    10 |     8 |     2 ||    20
   Stab: Distracted        |       |       |     3 |     6 |    15 |     1 ||    25
 Armour: Ring mail         |    11 |    24 |     4 |       |       |       ||    39
         Scale mail        |       |    55 |       |   102 |   205 |    37 ||   399
         Chain mail        |       |     6 |    91 |    91 |       |       ||   188
  Dodge: Dodged            |    28 |   148 |   113 |   230 |   311 |    46 ||   876
  Block: Buckler           |       |       |       |       |       |     9 ||     9
